 Dungeon Crawl Stone Soup version 0.29.1-4-g47bece8355 (webtiles) character file.

Game seed: 5854915735678307559

4501 klnnlk the Cleaver (level 10, -10/136 HPs)
             Began as a Minotaur Berserker on Dec 3, 2022.
             Was a High Priest of Trog.
             Mangled by a komodo dragon (21 damage)
             ... on level 9 of the Dungeon.
             The game lasted 00:25:33 (8084 turns).

klnnlk the Cleaver (Minotaur Berserker)             Turns: 8084, Time: 00:25:34

Health: -10/136    AC:  9    Str: 25    XL:     10   Next: 16%
Magic:  0/9        EV: 10    Int:  4    God:    Trog [*****.]
Gold:   746        SH:  0    Dex: 11    Spells: 9/9 levels left

rFire   . . .      SeeInvis +   D - +0 battleaxe
rCold   . . .      Faith    .   (shield currently unavailable)
rNeg    + . .      Spirit   +   o - +0 scale mail
rPois   .          Reflect  .   (helmet restricted)
rElec   .          Harm     .   (no cloak)
rCorr   .          Rampage  .   d - +0 pair of gloves
Will    .....                   (no boots)
Stlth   ..........              f - amulet of guardian spirit
HPRegen 0.32/turn               B - ring of positive energy
MPRegen 0.11/turn               G - ring of see invisible

@: berserking, very quick
A: horns 2, retaliatory headbutt
a: Renounce Religion, Berserk, Trog's Hand, Brothers in Arms


You were on level 9 of the Dungeon.
You worshipped Trog.
Trog was extremely pleased with you.
You visited 1 branch of the dungeon, and saw 9 of its levels.
You also visited: Ossuary.

You collected 746 gold pieces.

Inventory:

Hand Weapons
 n - a +4 morningstar of freezing
 q - a +0 war axe
 D - a +0 battleaxe (weapon)
 L - a +4 hand axe
Missiles
 A - 2 throwing nets (quivered)
 K - 8 poisoned darts
Armour
 d - a +0 pair of gloves (worn)
 j - a +0 ring mail
 o - a +0 scale mail (worn)
Jewellery
 f - an amulet of guardian spirit (around neck)
 B - a ring of positive energy (left hand)
 G - a ring of see invisible (right hand)
 H - an amulet of regeneration
Wands
 E - a wand of flame (7)
Scrolls
 c - 4 scrolls of teleportation
 e - a scroll of noise {unknown}
 g - 4 scrolls of fear
 h - a scroll of poison
 i - a scroll of silence {unknown}
 k - 2 scrolls of vulnerability {unknown}
 m - 2 scrolls of magic mapping
 r - a scroll of amnesia {unknown}
 y - a scroll of brand weapon {unknown}
 F - a scroll of blinking {unknown}
 J - a scroll of acquirement {unknown}
Potions
 b - 2 potions of cancellation
 l - 2 potions of haste
 p - a potion of magic {unknown}
 s - 2 potions of degeneration
 t - 3 potions of curing
 u - a potion of might {unknown}
 v - 2 potions of berserk rage
 w - 3 potions of attraction
 x - 2 potions of ambrosia {unknown}
 z - 2 potions of brilliance {unknown}
 C - 2 potions of mutation {unknown}
 I - a potion of resistance {unknown}


   Skills:
 * Level 9.1 Fighting
 + Level 13.9 Axes
 * Level 8.1 Armour
 - Level 2.1 Dodging
 - Level 0.2 Stealth


You had 9 spell levels left.
You didn't know any spells.
Your spell library was empty.

Dungeon Overview and Level Annotations

Branches:
Dungeon (9/15)             Temple (0/1) D:4         Ossuary (visited)
   Lair: D:8-11         Orc: D:9-12

Altars:
Fedhas
Ru
Uskayaw
Wu Jian
Zin

Shops:
D:5 (   D:8 (

Annotations:
D:7 exclusion: oklob plant


Innate Abilities, Weirdness & Mutations

You have a pair of horns on your head.
You reflexively headbutt those who attack you in melee.


Message History

The komodo dragon is lightly wounded.
You slice the black bear!!
The black bear goes berserk!
The komodo dragon bites you!!
You barely miss the black bear.
The black bear is almost dead.
You barely miss the komodo dragon.
The black bear bites you but does no damage.
The black bear claws you but does no damage. x2
The komodo dragon bites you!
The black bear bites you but does no damage.
The black bear claws you but does no damage. x2
You hit the black bear.
You kill the black bear!
Trog accepts your kill.
You hit the komodo dragon but do no damage.
The komodo dragon bites you but does no damage.
You slash the komodo dragon! Your headbutt misses the komodo dragon.
The komodo dragon is moderately wounded.
The komodo dragon completely misses you.
You closely miss the komodo dragon.
The komodo dragon is moderately wounded.
The komodo dragon closely misses you.
You hit the komodo dragon.
The komodo dragon is moderately wounded.
The komodo dragon closely misses you.
You barely miss the komodo dragon.
The komodo dragon is moderately wounded.
The komodo dragon bites you!
* * * LOW HITPOINT WARNING * * *
You hit the komodo dragon but do no damage.
The komodo dragon is moderately wounded.
The komodo dragon bites you!
* * * LOW HITPOINT WARNING * * *
A red film seems to cover your vision as you go berserk!
You feel yourself moving faster!
You feel mighty!
The komodo dragon bites you but does no damage.
You barely miss the komodo dragon. You headbutt the komodo dragon!!
The komodo dragon is severely wounded.
The komodo dragon bites you!!
You die...

.........##...
............/
...........) ###
#.......P...
....##....P......
.........PP....PP
.......†.........
.......@.........
######l..PP.P####
#.......+
#...PP.P#
#...P.P.#
#......PPP
####..P.PP.
....P.P.


You could see a komodo dragon.

Vanquished Creatures
  Pikel (D:5)
  Prince Ribbit (D:5)
  2 yaks (D:8)
  Grum (D:8)
  A steam dragon (D:8)
  Menkaure (D:4)
  Duvessa (D:7)
  An orc warrior (D:6)
  3 ice beasts (D:6)
  2 black bears
  3 ogres
  2 centaurs (D:7)
  3 wolves (D:8)
  2 lemures (D:5)
  A kobold brigand (D:6)
  A bullfrog (D:7)
  4 scorpions
  7 wights
  Dowan (D:7)
  A howler monkey (D:6)
  A jelly (D:6)
  3 orc priests
  8 hounds
  3 iguanas
  8 orc wizards
  8 mummies (Ossuary)
  Robin (D:4)
  6 gnolls
  6 adders
  4 shadow imps
  2 white imps
  An ufetubus (D:6)
  3 worms
  A dart slug (D:1)
  30 orcs
  2 endoplasms (D:1)
  4 giant cockroaches
  16 goblins
  11 hobgoblins
  3 jackals (D:1)
  4 quokkas
  7 ball pythons
  5 bats
  4 frilled lizards
  A hobgoblin zombie (Ossuary)
  16 kobolds
  4 kobold zombies (Ossuary)
  3 orc zombies (Ossuary)
  5 rats
209 creatures vanquished.

Vanquished Creatures (others)
  A fungus (D:9)
  A plant (D:2)
2 creatures vanquished.

Grand Total: 211 creatures vanquished

Notes
Turn   | Place    | Note
-------+----------+-------------------------------------------
     0 | D:1      | klnnlk the Minotaur Berserker began the quest for the Orb.
     0 | D:1      | Reached XP level 1. HP: 19/19 MP: 0/0
    79 | D:1      | Reached skill level 4 in Axes
   312 | D:1      | Reached XP level 2. HP: 26/26 MP: 1/1
   707 | D:1      | Reached skill level 5 in Axes
   765 | D:1      | Reached XP level 3. HP: 31/31 MP: 2/2
  1347 | D:2      | Reached ** piety under Trog
  1445 | D:2      | Reached skill level 6 in Axes
  1445 | D:2      | Reached XP level 4. HP: 19/39 MP: 1/3
  2058 | D:3      | Reached XP level 5. HP: 37/45 MP: 4/4
  2059 | D:3      | Reached skill level 7 in Axes
  2133 | D:3      | Found a hide-covered altar of Uskayaw.
  2445 | D:3      | Found a glowing silver altar of Zin.
  2630 | D:4      | Reached skill level 8 in Axes
  2698 | D:4      | Noticed Menkaure
  2698 | D:4      | Noticed an ogre
  3019 | D:4      | Reached XP level 6. HP: 43/51 MP: 5/5
  3106 | D:4      | Noticed Robin
  3111 | D:4      | Reached *** piety under Trog
  3122 | D:4      | Killed Robin
  3316 | D:4      | Reached skill level 9 in Axes
  3320 | D:4      | Killed Menkaure
  3321 | D:4      | Reached XP level 7. HP: 57/57 MP: 6/6
  3405 | D:4      | Found a staircase to the Ecumenical Temple.
  3436 | D:5      | Entered Level 5 of the Dungeon
  3484 | D:5      | Reached skill level 10 in Axes
  3537 | D:5      | Noticed Pikel
  3552 | D:5      | Killed Pikel
  3553 | D:5      | Reached skill level 11 in Axes
  3553 | D:5      | Reached XP level 8. HP: 12/67 MP: 1/7
  3851 | D:5      | Reached skill level 5 in Fighting
  3965 | D:5      | Found a sand-covered staircase.
  3972 | Ossuary  | Entered an ossuary
  4614 | D:5      | Found Yckep's Weapon Shop.
  4870 | D:5      | Noticed Prince Ribbit
  4882 | D:5      | Killed Prince Ribbit
  4883 | D:5      | Reached skill level 12 in Axes
  4894 | D:5      | Reached skill level 5 in Armour
  5031 | D:6      | Reached **** piety under Trog
  5038 | D:6      | Reached XP level 9. HP: 39/78 MP: 5/8
  6182 | D:7      | Reached skill level 13 in Axes
  6211 | D:7      | Noticed Duvessa
  6219 | D:7      | Killed Duvessa
  6219 | D:7      | Noticed Dowan
  6222 | D:7      | Killed Dowan
  6587 | D:7      | Reached ***** piety under Trog
  6667 | D:7      | Found a sacrificial altar of Ru.
  6902 | D:7      | Found a blossoming altar of Fedhas.
  6916 | D:7      | Noticed an oklob plant
  7212 | D:8      | Found Pukepn's Antique Weapon Shoppe.
  7504 | D:8      | Noticed Grum
  7517 | D:8      | Killed Grum
  7518 | D:8      | Reached XP level 10. HP: 49/90 MP: 5/9
  7586 | D:8      | Received a gift from Trog
  7913 | D:8      | Found an ornate altar of the Wu Jian Council.
  8084 | D:9      | Mangled by a komodo dragon

Illustrated notes

Levels and vault maps discovered:
D:1:      matt_arrival_los_fun, layout_loops_corners,
          shapermc_ecumenical_altar_mp_urbaneastern, nicolae_wormholes
D:2:      layout_basic, nicolae_grassy_gnolls
D:3:      layout_loops_ring, grunt_dithmenos_smoke_and_mirrors,
          old_standard_altar, marbit_many_paths, zin_statuary
D:4:      layout_basic, minmay_temple_entry_mist, minmay_manual_monstrance,
          uniq_menkaure, uniq_robin, uniq_grinder
D:5:      layout_rooms, nicolae_ossuary_entry_ruins, serial_shops,
          nicolae_shop_behind_doors, uniq_pikel, uniq_prince_ribbit1
D:6:      minmay_bubble_buster, layout_cave_pods, minmay_misc_feat_encased,
          uniq_sigmund
D:7:      corexii_shack_village, layout_basic, tgw_fedhas,
          nicolae_ru_sacrificial_ziggurat, uniq_duvessa
D:8:      layout_rooms, pdpol_wu_jian_five_deadly_venoms, nicolae_stop_n_shop_2,
          chequers_serial_rivers_micro_b, kennysheep_generic_room_12, uniq_grum
D:9:      layout_gridville, elyvilon_altar_1, vehumet_statue,
          mainiacjoe_overflow_small_starburst, grunt_lair_entry_orc_guard_hut

Skill      XL: |  1  2  3  4  5  6  7  8  9 10 |
---------------+-------------------------------+-----
Axes           | 4 5 6 8 9 11 12 13 | 13.9
Fighting       | 4 6 8 9 |  9.1
Armour         | 3 5 7 8 |  8.1
Dodging        | |  2.1
Stealth        | |  0.2

Action                   |  1- 3 |  4- 6 |  7- 9 | 10-12 || total
-------------------------+-------+-------+-------+-------++-------
Melee: Hand axe          |    96 |    85 |       |       ||   181
       Headbutt          |    10 |    20 |    37 |     6 ||    73
       Punch             |     1 |       |     2 |       ||     3
       War axe           |       |    45 |   119 |       ||   164
       Battleaxe         |       |       |   120 |    44 ||   164
Invok: Berserk           |       |     1 |     2 |     1 ||     4
  Use: Scroll            |       |       |     7 |     2 ||     9
       Potion            |       |       |     1 |       ||     1
Armor: Animal skin       |    15 |       |       |       ||    15
       Ring mail         |     7 |    33 |     3 |       ||    43
       Scale mail        |       |       |    74 |    21 ||    95
Dodge: Dodged            |    44 |    57 |   118 |    29 ||   248
